 Dungeon Crawl Stone Soup version 0.24.0-124-g2791043dd8 (webtiles) character file.

Game seed: 8567092415068631798, levelgen mode: deterministic

4804 Peloso the Carver (level 10, -4/88 HPs)
             Began as a Minotaur Fighter on Feb 16, 2020.
             Was a Priest of Okawaru.
             Slain by an orc warrior
             ... wielding a +0 flail
              (20 damage)
             ... on level 9 of the Dungeon.
             The game lasted 00:16:49 (7799 turns).

Peloso the Carver (Minotaur Fighter)                Turns: 7799, Time: 00:16:49

Health: -4/88      AC: 15    Str: 21    XL:     10   Next: 24%
Magic:  9/9        EV:  9    Int:  7    God:    Okawaru [***...]
Gold:   306        SH: 12    Dex: 14    Spells: 9/9 levels left

rFire    + . .     SeeInvis .   a - +4 long sword of the Fray {slice, +Inv rF+ Int+2 Dex+3}
rCold    . . .     Gourm    .   c - +0 shield
rNeg     . . .     Faith    .   w - +1 chain mail {rPois}
rPois    +         Spirit   .   (helmet restricted)
rElec    .         Reflect  .   (no cloak)
rCorr    .         Harm     .   m - +0 pair of gloves
MR       .....                  (no boots)
Stlth    ..........             (no amulet)
HPRegen  0.24/turn              k - ring of stealth
MPRegen  0.11/turn              A - ring of flight

@: no status effects
A: retaliatory headbutt, horns 2, iridescent scales 1, weak 1
a: Heroism, Renounce Religion, Evoke Invisibility, Evoke Flight


You were on level 9 of the Dungeon.
You worshipped Okawaru.
Okawaru was most pleased with you.
You were not hungry.

You visited 2 branches of the dungeon, and saw 10 of its levels.

You collected 569 gold pieces.
You spent 263 gold pieces at shops.

Inventory:

Hand Weapons
 a - the +4 long sword of the Fray (weapon) {slice, +Inv rF+ Int+2 Dex+3}
   (You bought it in a shop on level 8 of the Dungeon)

   It inflicts extra damage upon your enemies.
   It affects your intelligence (+2).
   It affects your dexterity (+3).
   It protects you from fire.
   It lets you turn invisible.
 b - a +2 dagger of flaming
Armour
 c - a +0 shield (worn)
 g - a +0 scale mail
 m - a +0 pair of gloves (worn)
 o - +0 ice dragon scales
 w - a +1 chain mail of poison resistance (worn)
Jewellery
 k - a ring of stealth (left hand)
 u - an uncursed amulet of the gourmand
 A - a ring of flight (right hand)
 C - an uncursed ring of stealth
Wands
 r - a wand of clouds (7)
 y - a wand of polymorph (16)
 z - a wand of disintegration (15)
Scrolls
 e - 5 scrolls of enchant weapon {unknown}
 h - 10 scrolls of identify {unknown}
 i - 12 scrolls of teleportation {unknown}
 j - 6 scrolls of remove curse {unknown}
 l - 2 scrolls of fear {unknown}
 n - 4 scrolls of blinking {unknown}
 p - a scroll of amnesia {unknown}
 q - 2 scrolls of immolation {unknown}
 s - 2 scrolls of magic mapping {unknown}
 t - 2 scrolls of random uselessness {unknown}
 x - a scroll of fog {unknown}
 F - a scroll of enchant armour {unknown}
Potions
 d - a potion of might
 v - a potion of heal wounds
 B - a potion of flight {unknown}
 D - a potion of mutation
 E - 2 potions of curing
Comestibles
 f - 19 rations
 G - 4 chunks of flesh


   Skills:
 + Level 8.1 Fighting
 + Level 11.2 Long Blades
 + Level 8.3 Armour
 + Level 4.0 Dodging
 + Level 0.6 Stealth
 + Level 9.2 Shields


You had 9 spell levels left.
You didn't know any spells.
Your spell library contained the following spells:

 Spells                   Type           Power        Failure   Level  Hunger
 Animate Skeleton         Necr           N/A          100%        1    ##.....
 Apportation              Tloc           #.....       100%        1    ##.....
 Confusing Touch          Hex            #.....       100%        1    ##.....
 Magic Dart               Conj           #...         100%        1    ##.....
 Pain                     Necr           #...         100%        1    ##.....
 Summon Small Mammal      Summ           #...         100%        1    ##.....
 Blink                    Tloc           N/A          100%        2    ###....
 Call Imp                 Summ           #.......     100%        2    ###....
 Slow                     Hex            #.......     100%        2    ###....
 Sticks to Snakes         Tmut           #.......     100%        2    ###....
 Swiftness                Chrm/Air       #.......     100%        2    ###....
 Confuse                  Hex            #.......     100%        3    ####...
 Conjure Flame            Conj/Fire      #.......     100%        3    ####...
 Gell's Gravitas          Tloc           #.........   100%        3    ####...
 Mephitic Cloud           Conj/Pois/Air  #.......     100%        3    ####...
 Regeneration             Chrm/Necr      #.........   100%        3    ####...
 Spectral Weapon          Hex/Chrm       #.......     100%        3    ####...
 Vampiric Draining        Necr           #.........   100%        3    ####...
 Animate Dead             Necr           N/A          100%        4    #####..
 Ice Form                 Ice/Tmut       #.......     100%        4    #####..
 Petrify                  Tmut/Erth      #.......     100%        4    #####..
 Irradiate                Conj/Tmut      #.........   100%        5    ######.
 Metabolic Englaciation   Hex/Ice        #.........   100%        5    ######.
 Yara's Violent Unravell  Hex/Tmut       #.........   100%        5    ######.


Dungeon Overview and Level Annotations

Branches:
Dungeon (9/15)             Temple (1/1) D:6             Orc (0/2) D:9
   Lair: D:8-11

Altars:
Ashenzari
Fedhas
Hepliaklqana
Nemelex Xobeh
Okawaru
Ru
Vehumet
Xom
Yredelemnul
The Shining One
Beogh

Shops:
D:6 }   D:8 :(=((


Innate Abilities, Weirdness & Mutations

You reflexively headbutt those who attack you in melee.
You have a pair of horns on your head.
You are partially covered in iridescent scales. (AC +2)
You are weak. (Str -2)


Message History

The orc warrior is almost dead.
You closely miss the orc warrior.
The orc warrior is almost dead.
You block the orc warrior's attack.
You hit the orc warrior but do no damage.
Your headbutt misses the orc warrior.
The orc warrior is almost dead.
You barely miss the orc.
The orc warrior hits you with a +0 short sword!
* * * LOW HITPOINT WARNING * * *
The orc closely misses you.
You riposte.
You hit the orc.
The orc is moderately wounded.
You hit the orc.
You kill the orc!
You block the orc warrior's attack.
Unknown command.
You barely miss the orc warrior.
The orc warrior is almost dead.
The orc warrior hits you with a +0 flail!!
You die...

#..##..# ###
'.....#......# ...
..8..⌠..#......#
...###.#.....#......#
'##.....#.....#..##..#
.'.....#8._.>#..##..#####
#.....#.....#...#.......
#.....#.....##+##.......
##.....8@.⌠..#..##.......
#.....ooo....#...........
#.....)8.....#...........
#....[.#.....#......##...
#...)..#######..##..##...
#....†...)...#..##...#...
#...........)#..)....#...
#######...)..'..#########
#....#.....)####........


You could see 2 orc warriors and an orc.

Vanquished Creatures
  2 trolls
  2 hippogriffs
  A water moccasin (D:7)
  7 orc warriors
  3 slaves (D:3)
  An ice beast (D:5)
  2 sky beasts
  4 ogres
  A necrophage (D:8)
  7 centaurs
  3 scorpions
  A water moccasin skeleton (D:5)
  4 wights (D:8)
  A howler monkey (D:7)
  8 crimson imps
  A centaur zombie (D:6)
  5 orc priests
  5 hounds
  12 orc wizards
  3 bullfrog skeletons
  3 iguanas
  5 worker ants
  A worker ant zombie (D:4)
  A gnoll (D:3)
  13 adders
  2 shadow imps
  3 oozes
  An adder zombie (D:7)
  An adder skeleton (D:7)
  6 worms
  5 dart slugs
  6 leopard geckos
  43 orcs
  2 ball pythons
  7 giant cockroaches
  6 goblins
  8 hobgoblins
  13 jackals
  5 kobolds
  3 quokkas
  12 bats
  A frilled lizard (D:1)
  A jackal skeleton (D:4)
  2 leopard gecko skeletons
  A leopard gecko zombie (D:5)
  8 rats
232 creatures vanquished.

Vanquished Creatures (others)
  Pikel (D:4)
  A slave (D:4)
2 creatures vanquished.

Grand Total: 234 creatures vanquished

Notes
Turn   | Place    | Note
-------+----------+-------------------------------------------
     0 | D:1      | Peloso the Minotaur Fighter began the quest for the Orb.
     0 | D:1      | Reached XP level 1. HP: 19/19 MP: 0/0
    68 | D:1      | Reached XP level 2. HP: 27/27 MP: 1/1
   837 | D:1      | Reached XP level 3. HP: 23/33 MP: 2/2
   905 | D:2      | Reached skill level 3 in Long Blades
  1112 | D:2      | Reached XP level 4. HP: 36/40 MP: 3/3
  1446 | D:3      | Found a shimmering altar of Xom.
  1499 | D:3      | Reached skill level 4 in Long Blades
  1499 | D:3      | Reached skill level 1 in Dodging
  1499 | D:3      | Reached XP level 5. HP: 33/46 MP: 4/4
  1619 | D:3      | Reached skill level 5 in Armour
  1619 | D:3      | Reached skill level 5 in Shields
  1659 | D:3      | Reached XP level 6. HP: 23/53 MP: 5/5
  2101 | D:3      | Reached skill level 5 in Long Blades
  2176 | D:3      | Identified the Guide on Helpful Transmutation
  2321 | D:4      | Noticed a slave
  2327 | D:4      | Noticed a slave
  2328 | D:4      | Noticed a slave
  2355 | D:3      | Killed a slave
  2365 | D:3      | Killed a slave
  2395 | D:3      | Killed a slave
  2772 | D:4      | Noticed Pikel
  2776 | D:4      | Noticed a slave
  2787 | D:4      | Killed a slave
  2791 | D:4      | Reached XP level 7. HP: 35/60 MP: 6/6
  2795 | D:4      | Killed Pikel
  2795 | D:4      | Reached skill level 6 in Long Blades
  3162 | D:4      | Reached skill level 5 in Fighting
  3595 | D:4      | Found a blossoming altar of Fedhas.
  3717 | D:5      | Entered Level 5 of the Dungeon
  3855 | D:5      | Gained mutation: You are weak. (Str -2) [potion of
                  | mutation]
  3855 | D:5      | Gained mutation: You are partially covered in iridescent
                  | scales. (AC +2) [potion of mutation]
  3924 | D:5      | Reached skill level 7 in Long Blades
  3924 | D:5      | Reached XP level 8. HP: 62/68 MP: 7/7
  4034 | D:5      | Found a hazy altar of Hepliaklqana.
  4657 | D:6      | Reached skill level 8 in Long Blades
  4809 | D:6      | Found a staircase to the Ecumenical Temple.
  4821 | Temple   | Entered the Ecumenical Temple
  4859 | Temple   | Became a worshipper of Warmaster Okawaru
  5019 | D:6      | Found Doagg's Gadget Boutique.
  5927 | D:7      | Reached XP level 9. HP: 64/75 MP: 8/8
  5992 | D:7      | Found a sparkling altar of Nemelex Xobeh.
  6158 | D:7      | Reached * piety under Okawaru
  6160 | D:7      | Reached skill level 9 in Long Blades
  6195 | D:7      | Found a radiant altar of Vehumet.
  6503 | D:8      | Found a glowing golden altar of the Shining One.
  6562 | D:8      | Found Igoinerch's Antique Weapon Shop.
  6576 | D:8      | Bought a crystal long sword for 263 gold pieces
  6578 | D:8      | Identified the +4 long sword of the Fray {slice, +Inv rF+
                  | Int+2 Dex+3} (You bought it in a shop on level 8 of the
                  | Dungeon)
  6656 | D:8      | Noticed a troll
  6662 | D:8      | Killed a troll
  6662 | D:8      | Reached skill level 10 in Long Blades
  6696 | D:8      | Reached ** piety under Okawaru
  6829 | D:8      | Found Ycolanwi's Antique Weapon Shoppe.
  6860 | D:8      | Found Birpheacw's Jewellery Emporium.
  6889 | D:8      | Found a sacrificial altar of Ru.
  6989 | D:8      | Found Poutwuor's Book Boutique.
  7013 | D:8      | Found Viedibb's Weapon Boutique.
  7256 | D:9      | Reached XP level 10. HP: 68/88 MP: 9/9
  7579 | D:9      | Reached skill level 11 in Long Blades
  7679 | D:9      | Found a roughly hewn altar of Beogh.
  7679 | D:9      | Found a staircase to the Orcish Mines.
  7730 | D:9      | Reached *** piety under Okawaru
  7799 | D:9      | Slain by an orc warrior

Levels and vault maps discovered:
D:1:      psy_arrival_radial01, layout_basic, st_stairs_9
D:2:      layout_rooms, first_ration
D:3:      minmay_octagon_keep, layout_basic, st_stairs_12,
          corexii_leaking_fountain, led_xom_imps
D:4:      layout_cave_pools, fedhas_altar_fruit_tree, uniq_pikel
D:5:      layout_cave_pods, kennysheep_mini
D:6:      layout_basic, minmay_temple_entry_slanted, serial_shops,
          nicolae_shop_stone
D:7:      layout_basic, vehumet_crystals, basic_altar, serial_park_tiny_pond
D:8:      layout_loops_cross, lemuel_round_altar, serial_shops, shop,
          shop_coins, kennysheep_mini_moat, shop, nicolae_shop_window_shopping,
          grunt_pizzeria, nicolae_ru_the_path_less_chosen
D:9:      layout_gridville, david_orc_5, serial_shops, shop
Temple:   dpeg_five_rooms_temple

Skill      XL: |  1  2  3  4  5  6  7  8  9 10 |
---------------+-------------------------------+-----
Fighting       | 4 5 6 7 8 |  8.1
Armour         | 4 5 6 7 8 |  8.3
Shields        | 4 5 6 7 8 9 |  9.2
Long Blades    | 3 4 5 7 8 10 11 | 11.2
Dodging        | 1 2 3 4 |  4.0
Stealth        | |  0.6

Action                   |  1- 3 |  4- 6 |  7- 9 | 10-12 || total
-------------------------+-------+-------+-------+-------++-------
Melee: Long sword        |    74 |   223 |   440 |    89 ||   826
       Headbutt          |    14 |    31 |    91 |    25 ||   161
  Use: Potion            |     1 |     2 |     3 |       ||     6
  Eat: Chunk             |       |     6 |    15 |     2 ||    23
Armor: Scale mail        |    50 |    52 |       |       ||   102
       Ice dragon scales |       |    62 |    48 |       ||   110
       Chain mail        |       |       |   190 |    32 ||   222
Dodge: Dodged            |    34 |    71 |   111 |    31 ||   247
Block: Shield            |    54 |   137 |   235 |    58 ||   484
       Rpst.: Long sword |    12 |    13 |    29 |    11 ||    65
